 Dungeon Crawl Stone Soup version 0.18-a0-23-g19353e1 (webtiles) character file.

345 Kromin the Insei (level 6, -4/47 HPs)
             Began as a Vampire Monk on Nov 3, 2015.
             Slain by an iguana (9 damage)
             ... on level 4 of the Dungeon.
             The game lasted 00:07:54 (2331 turns).

Kromin the Insei (Vampire Monk)                     Turns: 2331, Time: 00:07:54

Health: -4/47      AC:  6    Str: 16      XL:     6   Next: 32%
Magic:  6/6        EV: 14    Int: 12      God:
Gold:   95         SH:  0    Dex: 15 (18) Spells: 0 memorised, 5 levels left

rFire  . . .     SeeInvis +       - Unarmed
rCold  + . .     Clarity  .     p - +2 leather armour {rC+}
rNeg   . . .     SustAt   .     (no shield)
rPois  .         Gourm    .     (no helmet)
rElec  .         Spirit   .     (no cloak)
rCorr  .         Warding  .     e - +0 pair of gloves
rMut   .         Stasis   .     (no boots)
MR     .....                    (no amulet)
Stlth  ++++......               b - ring of stealth
                                c - +5 ring of strength

@: regenerating very quickly, not resistant to hostile enchantments, stealthy
A: fangs 3, see invisible, unbreathing
a: no special abilities


You were on level 4 of the Dungeon.
You were almost alive.

You visited 1 branch of the dungeon, and saw 4 of its levels.

You collected 95 gold pieces.

Inventory:

Armour
 a - a +0 robe
 e - a +0 pair of gloves (worn)
 p - a +2 leather armour of cold resistance (worn)
Jewellery
 b - a ring of stealth (right hand)
 c - a +5 ring of strength (left hand)
 h - an uncursed ring of protection from cold
 n - an uncursed ring of protection from fire
Wands
 q - a wand of slowing (13)
Scrolls
 f - 3 scrolls of teleportation {unknown}
 i - 2 scrolls of remove curse {unknown}
 j - a scroll of random uselessness {unknown}
 l - 5 scrolls of identify {unknown}
 t - a scroll of fear {unknown}
Potions
 d - a potion of mutation {unknown}
 k - 15 potions of blood
 o - a potion of cancellation
 r - a potion of poison {unknown}
 s - 2 potions of berserk rage {unknown}


   Skills:
 + Level 3.5 Fighting
 + Level 0.8 Armour
 + Level 5.0 Dodging
 + Level 5.4 Stealth
 * Level 5.8 Unarmed Combat


You had 5 spell levels left.
You didn't know any spells.

Dungeon Overview and Level Annotations

Branches:
Dungeon (4/15)
 Temple: D:4-7

Altars:


Innate Abilities, Weirdness & Mutations

Your natural rate of healing is extremely fast.
You have razor-sharp teeth.
You have supernaturally acute eyesight.
You can survive without breathing.


Message History

It was a potion of degeneration.
There was something very wrong with that liquid.
You feel clumsy.
You hear the slow rusting of a very distant drain.
The hound bites you but does no damage. The iguana bites you.
* * * LOW HITPOINT WARNING * * *
The hound stops to sniff the ground.
The hound completely misses you.
You are too injured to fight recklessly!
You are too injured to fight recklessly!
You are too injured to fight recklessly!
You barely miss the hound.
The hound is moderately wounded.
The hound bites you.
* * * LOW HITPOINT WARNING * * *
The iguana bites you but does no damage.
You hit the hound. Your bite misses the hound.
The hound is severely wounded.
The hound barely misses you. The iguana bites you!
You die...

#. #### ..###..##
#.........### .
#...#......## . ###
.##...#......#. ..#...
.....#........
....#.######...##....#..
......h)...#...#....##..
!.....)@..^#...#.#.###..
#.....l............# #..
#>.##.#.>##.#......# ##.
. #..#.##.#.......# #.
#..#>##.##......# #<
#..#.##.........# #.
#..#.##.........# ##
##.#.....##.##..# # #.
#...#.# ..#


You could see an iguana and a hound.

Vanquished Creatures
  Eustachio (D:4)
  A worker ant (D:4)
  An orc wizard (D:3)
  5 adders
  2 worms (D:2)
  3 giant geckos
  9 orcs
  A ball python (D:1)
  8 bats
  8 goblins
  11 hobgoblins
  16 jackals
  7 kobolds
  A quokka (D:2)
  4 giant cockroaches
  2 giant newts
  A quokka zombie (D:3)
  5 rats
86 creatures vanquished.

Notes
Turn   | Place    | Note
--------------------------------------------------------------
     0 | D:1      | Kromin the Vampire Monk began the quest for the Orb.
     0 | D:1      | Reached XP level 1. HP: 17/17 MP: 1/1
   216 | D:1      | Reached XP level 2. HP: 9/23 MP: 2/2
   636 | D:1      | Reached skill level 5 in Unarmed Combat
  1045 | D:2      | Reached XP level 3. HP: 28/28 MP: 3/3
  1345 | D:2      | Reached XP level 4. HP: 20/35 MP: 4/4
  1915 | D:3      | Reached XP level 5. HP: 41/41 MP: 5/5
  2172 | D:4      | Noticed Eustachio
  2205 | D:4      | Killed Eustachio
  2205 | D:4      | Reached skill level 5 in Stealth
  2205 | D:4      | Reached XP level 6. HP: 13/47 MP: 6/6
  2311 | D:4      | Reached skill level 5 in Dodging
  2331 | D:4      | Slain by an iguana

Vault maps used:
D:1:      dpeg_arrival_erosion
D:2:      lemuel_upstairs_altar, serial_curves, eino_curves_03, eino_curves_01,
          minmay_misc_feat_rows, dk_vineyard_3
D:3:      first_bread, corexii_shack
D:4:      black_bear_nest_1, minmay_temple_entry_poolview, portal_sewer_entry_b,
          uniq_eustachio, uniq_grinder

Action                   |  1- 3 |  4- 6 || total
-------------------------+-------+-------++-------
Melee: Unarmed           |   105 |   162 ||   267
  Use: Potion            |     8 |     5 ||    13
 Stab: Sleeping          |    12 |    10 ||    22
  Eat: Corpse            |     3 |     4 ||     7
